 Dungeon Crawl Stone Soup version 0.19.5 (webtiles) character file.

5 pimpchat the Caller (level 1, 0/10 HPs)
             Began as a Kobold Summoner on May 4, 2017.
             Slain by a ball python (2 damage)
             ... on level 1 of the Dungeon.
             The game lasted 00:06:21 (269 turns).

pimpchat the Caller (Kobold Summoner)                Turns: 269, Time: 00:06:22

Health: 0/10       AC:  6    Str:  5    XL:     1   Next: 88%
Magic:  1/3        EV:  8    Int: 16    God:
Gold:   0          SH:  0    Dex: 15    Spells: 1 memorised, 3 levels left

rFire  . . .     SeeInvis .     (weapon restricted)
rCold  . . .     Gourm    .     j - +0 scale mail (curse)
rNeg   . . .     Faith    .     (shield restricted)
rPois  .         Spirit   .     (no helmet)
rElec  .         Reflect  .     (no cloak)
rCorr  .         Harm     .     (no gloves)
MR     .....                    (no boots)
Stlth  +.........               (no amulet)
                                (no ring)
                                (no ring)

@: very slightly contaminated
A: carnivore 3
a: no special abilities


You were on level 1 of the Dungeon.
You were not hungry.

You visited 1 branch of the dungeon, and saw 1 of its levels.

Inventory:

Missiles
 h - 7 stones (quivered)
Armour
 a - a +0 robe
 j - a cursed +0 scale mail (worn)
Scrolls
 e - a scroll of random uselessness {unknown}
 f - a scroll of amnesia {unknown}
 g - a scroll of enchant weapon {unknown}
 i - a scroll of identify {unknown}
Books
 b - a book of Callings

   Spells                             Type                      Level
   a - Summon Small Mammal            Summoning                    1
   b - Call Imp                       Summoning                    2
   c - Call Canine Familiar           Summoning                    3
   d - Summon Guardian Golem          Hexes/Summoning              3
   e - Summon Lightning Spire         Summoning/Air                4
   f - Summon Ice Beast               Ice/Summoning                4
Comestibles
 c - a meat ration
 d - a bread ration


   Skills:
 + Level 2.5 Dodging
 + Level 2.6 Stealth
 + Level 2.3 Spellcasting
 + Level 4.2 Summonings


You had 3 spell levels left.
You knew the following spells:

 Your Spells              Type           Power        Failure   Level  Hunger
a - Summon Small Mammal   Summ           ###.         89%         1    #......


Dungeon Overview and Level Annotations

Branches:
Dungeon (1/15)

Altars:


Innate Abilities, Weirdness & Mutations

You are small and have problems with some larger weapons.
You are carnivorous and can eat meat at any time.


Message History

Throwing (i - inventory):
h - 9 stones (quivered)
Press: ? - help, Shift-Dir - straight line, f/p - bat
Aim: a bat You throw a stone.
The stone hits the bat but does no damage.
The bat hits you. The bat closely misses you. The goblin misses you.
The bat hits you but does no damage.
Throwing (i - inventory):
h - 8 stones (quivered)
Press: ? - help, Shift-Dir - straight line, f/p - bat
Aim: a bat You throw a stone.
The stone hits the bat.
The bat is moderately wounded.
The bat hits you but does no damage. x2; The goblin hits you.
* * * LOW HITPOINT WARNING * * *
The bat hits you but does no damage. The bat hits you but does no damage.
You hit the bat but do no damage. The bat hits you.
* * * LOW HITPOINT WARNING * * *
The bat hits you but does no damage. The ball python bites you.
You die...

.#....############............
#....############'###....####
#....+..............######
.#....#####†.........#
.#.#.#.#.............#
...#.#.#.#...........#
##.#.#.#.#...........#
...#.#.#....†r.Sgb...#
##.#+#........g.@....#
#......###..#####'###
#(.(...+..........#
#......##.#.####..###
#.#######.#.###≈...≈## ##.#
#.#.##≈♣≈†≈.≈## ...#
#.#.#≈♣⌠♣≈.⌠P≈# r..#
#.#.##≈♣....≈## ...# ##≈...≈##


You could see a hobgoblin, a goblin, a bat, a ball python and a rat.

Vanquished Creatures
  2 toadstools (D:1)
2 creatures vanquished.

Vanquished Creatures (collateral kills)
  A dart slug (D:1)
  2 giant cockroaches (D:1)
  A goblin (D:1)
  A hobgoblin (D:1)
  2 frilled lizards (D:1)
  A toadstool (D:1)
8 creatures vanquished.

Vanquished Creatures (others)
  A toadstool (D:1)
1 creature vanquished.

Grand Total: 11 creatures vanquished

Notes
Turn   | Place    | Note
-------+----------+-------------------------------------------
     0 | D:1      | pimpchat the Kobold Summoner began the quest for the Orb.
     0 | D:1      | Reached XP level 1. HP: 10/10 MP: 3/3
   269 | D:1      | Slain by a ball python

Action                   || total
-------------------------++-------
Melee: Unarmed           ||    12
Throw: Stone             ||     6
 Cast: Summon Small Mamm ||    13
Armor: Scale mail        ||    21
Dodge: Dodged            ||    24
